AoeStats
← Dicens

Arabia

509804541Analyzed
1v1 RM · 3d ago on Sep 28, 2026· 45m 36s· 2 players
Game mode
Random Map
Map size
Tiny (2 player)
Population
200
Speed
Normal
Resources
Standard
Victory
Conquest
Starting age
Dark Age
Ending age
Imperial Age
RankedLock teamsTeams togetherTeam positionsShared explorationLock speedFull tech treeHidden civsTurbo modeCheats
Victory
Defeat
🇲🇽 Franks · Mexico
1271
+16
🇦🇷 Varangians · Argentina
1270
-16
pity.grillo26
6:57 Loom
9:43 Feudal Age
11:18 Wheelbarrow
16:33 Castle Age
16:00 Forging
17:33 Scale Barding Armor
22:38 Scale Mail Armor
23:37 Double-Bit Axe
29:01 Chain Mail Armor
30:13 Iron Casting
29:25 Arson
31:55 Fletching
32:37 Chain Barding Armor
38:21 Husbandry
38:32 Bloodlines
41:01 Imperial Age
38:32 Herbal Medicine
39:15 Hand Cart
41:38 Bloodlines
41:28 Husbandry
41:52 Bloodlines
41:31 Elite Jarl
42:18 Horse Collar
43:42 Blast Furnace
44:19 Fletching
45:25 Plate Barding Armor
Dicens
6:33 Loom
9:15 Feudal Age
9:50 Double-Bit Axe
17:57 Scale Mail Armor
20:02 Castle Age
18:19 Gold Mining
19:00 Forging
20:09 Town Watch
21:00 Bow Saw
20:12 Pikeman
20:55 Squires
23:32 Wheelbarrow
26:40 Husbandry
28:11 Man-at-Arms
28:37 Gambesons
29:08 Chain Mail Armor
29:08 Long Swordsman
31:54 Iron Casting
32:10 Fletching
32:43 Hand Cart
33:14 Scale Barding Armor
37:30 Imperial Age
35:20 Devotion
35:53 Chain Barding Armor
37:45 Bodkin Arrow
38:50 Plate Barding Armor
38:53 Hoardings
38:23 Chivalry
38:47 Conscription
37:50 Ordonnance Companies
38:37 Cavalier
40:18 Blast Furnace
40:07 Gold Shaft Mining
41:15 Paladin
42:54 Hoardings
42:41 Masonry
42:38 Siege Engineers
44:59 Padded Archer Armor
47:01 Chemistry
46:12 Masonry
46:21 Leather Archer Armor
Connection lost

Rejoining the realm…

Still unreachable

The connection could not be restored.

Session expired

The server has moved on; the page needs a fresh start.